[Event "Titled Tuesday Blitz September 13 Early 2022"]
[White "Martinez Alcantara, Jose Eduardo"]
[Black "Tari, Aryan"]
[WhiteFideId "3805662"]
[BlackFideId "1510045"]
[WhiteElo "2703"]
[BlackElo "2612"]
[Result "1-0"]
[Round "11"]
[TimeControl "180+1"]
[Date "2022.09.13"]
[WhiteClock "0:00:10"]
[BlackClock "0:00:01"]

1. e4 e5 2. Nf3 Nc6 3. Bb5 Nf6 4. d3 Bc5 5. O-O Nd4 6. Be3 Nxf3+ 7. Qxf3 Bxe3 8. fxe3 O-O 9. Nc3 c6 10. Bc4 d6 11. h3 b5 12. Bb3 a5 13. a4 b4 14. Ne2 Be6 15. d4 Re8 16. Bxe6 Rxe6 17. Ng3 d5 18. Rad1 Qc7 19. exd5 cxd5 20. Rd2 Rae8 21. Nf5 Ne4 22. Rdd1 Rf6 23. Qg4 Rg6 24. Qf3 Rf6 25. dxe5 Qxe5 26. Qg4 Rg6 27. Qf4 Qe6 28. Rxd5 Ng5 29. Kh2 h5 30. Rd6 Qe5 31. Rxg6 fxg6 32. Nd6 Re6 33. Qxe5 Rxe5 34. Nc4 Rc5 35. b3 Ne4 36. Rd1 Nc3 37. Rd8+ Kh7 38. Ra8 Nxa4 39. Rxa5 Rxa5 40. Nxa5 Nc3 41. Nc6 g5 42. Nxb4 Kg6 43. Nd3 Kf5 44. Nf2 Ke5 45. g4 h4 46. Kg2 Nd5 47. Kf3 Kd6 48. Ne4+ Ke5 49. Nxg5 Nb4 50. Ke2 Nxc2 51. Nf3+ Ke4 52. Nd2+ Ke5 53. Kd3 Ne1+ 54. Kc4 Ng2 55. Kc5 Nxe3 56. b4 Nd5 57. b5 Nf6 58. Kc6 Nd5 59. Nf3+ Ke4 60. Nxh4 Nf4 61. b6 1-0


[Site "https://www.chess.com"]

[Event "Titled Tuesday Blitz September 13 Early 2022"]
[White "Molina, Roberto Junio Brito"]
[Black "Arnaudov, G. Petar"]
[WhiteFideId "2109450"]
[BlackFideId "2907127"]
[WhiteElo "2403"]
[BlackElo "2431"]
[Result "1-0"]
[Round "11"]
[TimeControl "180+1"]
[Date "2022.09.13"]
[WhiteClock "0:01:50"]
[BlackClock "0:00:38"]

1. d4 Nf6 2. Nf3 e6 3. e3 c5 4. Bd3 b6 5. O-O Bb7 6. Qe2 cxd4 7. exd4 Be7 8. Bf4 d6 9. Nbd2 Nbd7 10. h3 O-O 11. Rfe1 a6 12. a4 Qc7 13. c3 Rfe8 14. Bh2 Bf8 15. Nc4 Rac8 16. Ne3 e5 17. Bxa6 Bxa6 18. Qxa6 Qc6 19. Qb5 e4 20. Qxc6 Rxc6 21. Nd2 d5 22. f3 Rce6 23. fxe4 Nxe4 24. Ndf1 Nd2 25. Nxd2 Rxe3 26. Rxe3 Rxe3 27. Kf2 Re8 28. a5 bxa5 29. Rxa5 Nf6 30. Be5 Rd8 31. Bxf6 gxf6 32. Nf1 Rb8 33. b4 Rc8 34. Ra3 Bh6 35. Ne3 Rd8 36. Ra5 Bxe3+ 37. Kxe3 Kg7 38. Kd3 f5 39. Ra6 f4 40. b5 Re8 41. Ra2 Re3+ 42. Kc2 Re6 43. Kb3 1-0


[Site "https://www.chess.com"]

[Event "Titled Tuesday Blitz September 13 Early 2022"]
[White "Narayanan, Srinath"]
[Black "Ginzburg, Yakov"]
[WhiteFideId "5018420"]
[BlackFideId "4157176"]
[WhiteElo "2459"]
[BlackElo "2265"]
[Result "0-1"]
[Round "11"]
[TimeControl "180+1"]
[Date "2022.09.13"]
[WhiteClock "0:00:05"]
[BlackClock "0:00:04"]

1. e4 c5 2. Nf3 e6 3. d4 cxd4 4. Nxd4 Nf6 5. Nc3 Nc6 6. Ndb5 d6 7. Bf4 e5 8. Bg5 a6 9. Na3 b5 10. Nd5 Be7 11. Bxf6 Bxf6 12. c4 O-O 13. cxb5 Nd4 14. b6 Bb7 15. Bc4 Rb8 16. O-O Bxd5 17. Bxd5 Qxb6 18. Nc4 Qc5 19. b3 g6 20. Qg4 Kg7 21. Rad1 Bd8 22. Rd3 f5 23. Qh3 Ne2+ 24. Kh1 Nf4 25. Qg3 Nxd3 26. Qxd3 Bb6 27. exf5 Rxf5 28. f3 Rd8 29. Rd1 Rf6 30. h3 Ba7 31. Qe2 Rf4 32. Be4 d5 33. Qd2 Bb6 34. Nxb6 Qxb6 35. Qc3 Qe6 36. Qc7+ Rd7 37. Bxd5 Rxc7 38. Bxe6 Rd4 39. Re1 Kf6 40. Bc4 Rd2 41. a4 a5 42. Kh2 Rcd7 43. Re3 Rb2 44. Re4 Rdd2 45. Rg4 h5 46. Rg3 g5 47. h4 gxh4 48. Rg8 Kf5 49. Kh3 Rd1 50. Rf8+ Kg5 51. Rg8+ Kf4 52. Kh2 h3 53. Rf8+ Ke3 54. Kxh3 Rh1+ 55. Kg3 Rg1 56. Re8 Rbxg2+ 57. Kh3 Rg5 58. Rd8 Rh1# 0-1


[Site "https://www.chess.com"]

[Event "Titled Tuesday Blitz September 13 Early 2022"]
[White "Odegov, Artem"]
[Black "Postny, Evgeny"]
[WhiteFideId "34183644"]
[BlackFideId "2804344"]
[WhiteElo "2286"]
[BlackElo "2456"]
[Result "0-1"]
[Round "11"]
[TimeControl "180+1"]
[Date "2022.09.13"]
[WhiteClock "0:00:16"]
[BlackClock "0:00:11"]

1. d4 Nf6 2. c4 e5 3. dxe5 Ne4 4. Nf3 Nc6 5. e3 d6 6. exd6 Bxd6 7. Be2 Bf5 8. O-O Qe7 9. Qa4 Nc5 10. Qa3 a5 11. b3 Nd3 12. Qa4 Nc5 13. Qa3 O-O-O 14. Nc3 g5 15. Nd5 Qe4 16. Qb2 g4 17. Nd2 Qe5 18. Qxe5 Bxe5 19. Ba3 Bxa1 20. Rxa1 b6 21. Rd1 h5 22. Nf1 Bc2 23. Rd2 Bb1 24. Ng3 Kb7 25. Bb2 Rhe8 26. Bf6 Rd6 27. Nxh5 Bf5 28. Ng3 Be6 29. Ba1 Nb4 30. e4 c6 31. Be5 Rd7 32. Bf4 cxd5 33. cxd5 Bxd5 34. exd5 Rxd5 35. Bxg4 Re1+ 36. Nf1 Rxd2 37. Bxd2 Ra1 38. Bf3+ Ka7 39. Bc3 Rxa2 40. h4 Rc2 41. Bg7 Ne6 42. Bf6 Nd3 43. h5 Nxf2 44. h6 Nf8 45. Ne3 Ra2 46. Bg7 Nh7 47. Nd5 Ng5 48. Nf6 Nd3 49. Bd5 Nf4 50. Bc6 Nfe6 51. h7 Nxh7 52. Bh6 Nd4 53. Nxh7 Nxc6 54. Ng5 Nb4 55. Nxf7 Ra1+ 56. Kh2 Rb1 57. Nd6 Rxb3 58. Nc8+ Ka6 59. Nd6 a4 60. Nc4 a3 61. Bg7 a2 62. Nd2 Rb1 63. Bc3 Nc2 64. g4 a1=Q 65. Bxa1 Rxa1 66. g5 Rd1 67. Ne4 Nd4 68. Kg3 Ne6 69. Kg4 Rg1+ 70. Kf5 Nxg5 71. Nxg5 Rxg5+ 72. Kxg5 Kb5 73. Kf4 Kc4 74. Ke3 Kc3 75. Ke2 Kc2 76. Ke3 b5 77. Kd4 b4 78. Kc4 b3 79. Kb4 b2 80. Ka3 b1=Q 81. Ka4 Qb6 82. Ka3 Qa5# 0-1


[Site "https://www.chess.com"]

[Event "Titled Tuesday Blitz September 13 Early 2022"]
[White "Paravyan, David"]
[Black "Movahed, Sina"]
[WhiteFideId "4194985"]
[BlackFideId "42520835"]
[WhiteElo "2555"]
[BlackElo "2117"]
[Result "1-0"]
[Round "11"]
[TimeControl "180+1"]
[Date "2022.09.13"]
[WhiteClock "0:01:14"]
[BlackClock "0:00:04"]

1. e4 c5 2. Nf3 d6 3. d4 cxd4 4. Nxd4 Nf6 5. Nc3 g6 6. Be3 a6 7. f3 b5 8. a4 b4 9. Nd5 Nxd5 10. exd5 Bg7 11. Qd2 Bb7 12. Bc4 a5 13. Bb5+ Nd7 14. Nc6 Qc7 15. O-O-O O-O 16. Nxe7+ Kh8 17. Nc6 Ne5 18. Nxe5 Bxe5 19. Bd4 f6 20. Rhe1 Rac8 21. Re2 Qf7 22. f4 Bxd4 23. Qxd4 Rc5 24. Bc4 Rfc8 25. b3 R8c7 26. Kb1 Re7 27. Re6 Kg7 28. Rde1 Rec7 29. g4 Bc8 30. Rxd6 Bxg4 31. Ra6 Bf5 32. Re2 h5 33. h4 Bg4 34. d6 Rxc4 35. bxc4 Rxc4 36. Qd2 Bxe2 37. d7 Rxc2 38. Qxc2 Qd5 39. Qxe2 Qb3+ 40. Kc1 Qc3+ 41. Qc2 Qa1+ 42. Kd2 Qd4+ 43. Ke2 Qd5 44. Qc6 Qa2+ 45. Ke3 Qb3+ 46. Kd4 Qb2+ 47. Kc5 Qf2+ 48. Kb5 Qe2+ 49. Kb6 Qe7 50. Ra7 b3 51. d8=Q Qxa7+ 52. Kxa7 b2 53. Qdxf6+ Kh6 54. Qxg6# 1-0


[Site "https://www.chess.com"]

[Event "Titled Tuesday Blitz September 13 Early 2022"]
[White "Rustemov, Alexander"]
[Black "Vaibhav Jayant Raut"]
[WhiteFideId "4119002"]
[BlackFideId "5089034"]
[WhiteElo "2859"]
[BlackElo "2122"]
[Result "1-0"]
[Round "11"]
[TimeControl "180+1"]
[Date "2022.09.13"]
[WhiteClock "0:01:15"]
[BlackClock "0:00:01"]

1. d4 Nf6 2. c4 e6 3. Nf3 Bb4+ 4. Bd2 Qe7 5. g3 O-O 6. Bg2 Nc6 7. O-O Bxd2 8. Qxd2 d5 9. b3 Rd8 10. Qb2 Ne4 11. e3 Bd7 12. Nfd2 Nxd2 13. Nxd2 Be8 14. Rac1 Nb4 15. Qb1 c6 16. a3 Na6 17. Qb2 Nb8 18. b4 Nd7 19. Nb3 Nb6 20. Na5 dxc4 21. Nxc4 Nxc4 22. Rxc4 a6 23. Rc5 f6 24. h3 Bg6 25. Rfc1 Re8 26. a4 e5 27. d5 e4 28. dxc6 bxc6 29. Rxc6 Rab8 30. b5 axb5 31. axb5 Bf7 32. b6 Bd5 33. Rc7 Qd6 34. b7 Qa6 35. Qd4 Red8 36. Bxe4 Bxe4 37. Qxe4 Qd6 38. Qe7 Qxe7 39. Rxe7 Re8 40. Rcc7 1-0


[Site "https://www.chess.com"]

[Event "Titled Tuesday Blitz September 13 Early 2022"]
[White "Sarana, Alexey"]
[Black "Grover, Sahaj"]
[WhiteFideId "24133795"]
[BlackFideId "5021103"]
[WhiteElo "2689"]
[BlackElo "2432"]
[Result "1-0"]
[Round "11"]
[TimeControl "180+1"]
[Date "2022.09.13"]
[WhiteClock "0:01:56"]
[BlackClock "0:01:49"]

1. d4 d5 2. c4 e6 3. Nc3 a6 4. cxd5 exd5 5. Bf4 Nf6 6. e3 c5 7. Bd3 Nc6 8. Nge2 cxd4 9. exd4 Bd6 10. O-O O-O 11. Qd2 Bg4 12. Bg5 Be7 13. Ng3 h6 14. Bxh6 Nxd4 15. Bxg7 Kxg7 16. Qg5+ Kh8 17. Qh6+ Kg8 18. h3 Qd7 19. hxg4 Qxg4 20. Nxd5 1-0


[Site "https://www.chess.com"]

[Event "Titled Tuesday Blitz September 13 Early 2022"]
[White "Sargsyan, Anna M."]
[Black "Pinero Rodriguez, Carlos Jose"]
[WhiteFideId "13308130"]
[BlackFideId "3901726"]
[WhiteElo "2271"]
[BlackElo "2053"]
[Result "1-0"]
[Round "11"]
[TimeControl "180+1"]
[Date "2022.09.13"]
[WhiteClock "0:01:28"]
[BlackClock "0:00:47"]

1. d4 Nf6 2. c4 e6 3. Nf3 Bb4+ 4. Bd2 Qe7 5. g3 O-O 6. Bg2 Bxd2+ 7. Nbxd2 d6 8. O-O e5 9. d5 a5 10. a3 a4 11. e4 Nbd7 12. Ne1 Nc5 13. Qe2 b6 14. Rc1 Re8 15. Nc2 Bg4 16. f3 Bc8 17. Ne3 Ba6 18. Kh1 Bc8 19. Rc3 Bd7 20. g4 g6 21. Qf2 g5 22. h4 h6 23. Rg1 Kg7 24. Bh3 Nh7 25. Ndf1 Nf6 26. Ng3 Rh8 27. Ngf5+ Kf8 28. Nxe7 Kxe7 29. Nf5+ Bxf5 30. gxf5 Rag8 31. Qe3 gxh4 32. Rxg8 Rxg8 33. Rc2 Rg3 34. Kh2 Ncxe4 35. Rg2 Nh5 36. Qxe4 1-0


[Site "https://www.chess.com"]

[Event "Titled Tuesday Blitz September 13 Early 2022"]
[White "Solon, Nathan"]
[Black "Bykhovsky, Anatoly"]
[WhiteFideId "2017229"]
[BlackFideId "2806991"]
[WhiteElo "2617"]
[BlackElo "2540"]
[Result "0-1"]
[Round "11"]
[TimeControl "180+1"]
[Date "2022.09.13"]
[WhiteClock "0:00:53"]
[BlackClock "0:01:44"]

1. e4 Nf6 2. d3 e5 3. Nf3 Nc6 4. g3 d5 5. exd5 Nxd5 6. Bg2 g6 7. O-O Bg7 8. Re1 O-O 9. Nc3 Nb6 10. a4 a5 11. Be3 h6 12. Bxb6 cxb6 13. Nb5 Bf5 14. Nd2 Kh7 15. Nc4 Be6 16. Ncd6 Qd7 17. h4 f5 18. h5 g5 19. c3 Rfd8 20. Qc2 Kh8 21. Re2 g4 22. Rae1 Qe7 23. Nc4 Bxc4 24. dxc4 e4 25. Bxe4 fxe4 26. Rxe4 Qf7 27. Rxg4 Ne5 28. Rf4 Nf3+ 0-1


[Site "https://www.chess.com"]

[Event "Titled Tuesday Blitz September 13 Early 2022"]
[White "Starozhilov, Leonid"]
[Black "Priyanka Nutakki"]
[WhiteFideId "14106752"]
[BlackFideId "25049615"]
[WhiteElo "2414"]
[BlackElo "1912"]
[Result "0-1"]
[Round "11"]
[TimeControl "180+1"]
[Date "2022.09.13"]
[WhiteClock "0:00:01"]
[BlackClock "0:00:37"]

1. e4 e6 2. d3 d5 3. Nd2 Nf6 4. Ngf3 Nc6 5. c3 dxe4 6. dxe4 e5 7. Bb5 Bd6 8. O-O O-O 9. a4 Bg4 10. Qc2 Ne7 11. Be2 Ng6 12. Nc4 Qe7 13. b4 Rad8 14. Be3 Qe6 15. Ng5 Qc8 16. h3 Bxe2 17. Qxe2 h6 18. Nf3 Nxe4 19. Bxh6 Nxc3 20. Qc2 gxh6 21. Qxc3 Nf4 22. Rfe1 f6 23. Rad1 Qf5 24. Nh2 Kh8 25. Ng4 h5 26. Nge3 Qg5 27. Kf1 Rg8 28. Nxd6 cxd6 29. g3 Nxh3 30. Qc7 Rc8 31. Qxd6 Rc3 32. Qd2 Rgc8 33. Ng2 Rf3 34. Qxg5 Rxf2# 0-1


[Site "https://www.chess.com"]

[Event "Titled Tuesday Blitz September 13 Early 2022"]
[White "Vidit, Santosh Gujrathi"]
[Black "Xiong, Jeffery"]
[WhiteFideId "5029465"]
[BlackFideId "2047640"]
[WhiteElo "2654"]
[BlackElo "2714"]
[Result "1-0"]
[Round "11"]
[TimeControl "180+1"]
[Date "2022.09.13"]
[WhiteClock "0:00:21"]
[BlackClock "0:00:01"]

1. c4 e6 2. Nc3 d5 3. d4 Nf6 4. cxd5 exd5 5. Bg5 c6 6. e3 Bd6 7. Bd3 O-O 8. Nf3 Be6 9. Qb3 b6 10. h3 Nbd7 11. O-O c5 12. Qc2 h6 13. Bf4 Bxf4 14. exf4 c4 15. f5 cxd3 16. Qxd3 Re8 17. Rfe1 Nf8 18. fxe6 Nxe6 19. g3 a6 20. Kg2 b5 21. a3 Qb6 22. Re5 Red8 23. Rae1 Rac8 24. Rf5 Rc4 25. Qe3 b4 26. axb4 Rxb4 27. Rxf6 gxf6 28. Qxh6 Ng7 29. g4 Qd6 30. Re3 Ne6 31. Ne2 Rxb2 32. Nh4 Rxe2 33. Nf5 Qf8 34. Rxe2 Qxh6 35. Nxh6+ Kf8 36. Ra2 Nxd4 37. Rxa6 Kg7 38. Ra4 Kxh6 39. Rxd4 f5 40. Kg3 fxg4 41. hxg4 Kg6 42. Kf4 f6 43. Ke3 Kg5 44. f3 Re8+ 45. Kf2 Rd8 46. Kg3 Rd7 47. f4+ Kg6 48. Kf3 Rd8 49. Kg3 Rd7 50. Kf3 Rd8 51. Rd2 Rd7 52. f5+ Kg7 53. Kf4 Kf7 54. Rd3 1-0


[Site "https://www.chess.com"]

[Event "Titled Tuesday Blitz September 13 Early 2022"]
[White "Vlassov, Nikolai"]
[Black "Demchenko, Anton"]
[WhiteFideId "4103360"]
[BlackFideId "4160258"]
[WhiteElo "2324"]
[BlackElo "2539"]
[Result "1/2-1/2"]
[Round "11"]
[TimeControl "180+1"]
[Date "2022.09.13"]
[WhiteClock "0:00:05"]
[BlackClock "0:00:07"]

1. e4 e5 2. Bc4 Nf6 3. d3 Bc5 4. Nf3 O-O 5. Bg5 h6 6. Bh4 Nc6 7. Nc3 Be7 8. Qe2 Nd4 9. Nxd4 exd4 10. Bxf6 Bxf6 11. Nd5 c6 12. Nxf6+ Qxf6 13. O-O d6 14. f4 Be6 15. Bb3 a5 16. g4 a4 17. Bxe6 fxe6 18. Rf2 a3 19. b3 Qh4 20. Raf1 Ra5 21. Rg2 Rc5 22. f5 Re5 23. Rg3 d5 24. fxe6 Rxf1+ 25. Qxf1 Rxe6 26. exd5 cxd5 27. Qf2 Qe7 28. Qxd4 Re1+ 29. Kg2 Re2+ 30. Kh3 Qe6 31. Rg2 Re1 32. c4 dxc4 33. dxc4 Re4 34. Qd5 Qxd5 35. cxd5 Rd4 36. Rc2 b5 37. Rc8+ Kf7 38. b4 Rxb4 39. Ra8 Rd4 40. Rxa3 Rxd5 41. Ra7+ Kf6 42. Kg3 Rd3+ 43. Kf4 g5+ 44. Ke4 Rh3 45. Ra6+ Ke7 46. Ke5 Rxh2 47. Ra7+ Kd8 48. Kf5 Kc8 49. Kg6 Rh4 50. Ra5 b4 51. a3 b3 52. Rb5 Rxg4 53. Kxh6 Rg3 54. Kh5 Kc7 55. a4 Kc6 56. Kg6 g4 57. Kg5 Kd6 58. Kf4 Rc3 59. Kxg4 Kc6 60. Kf4 Rc4+ 61. Ke3 Rxa4 62. Rxb3 Ra5 63. Rd3 Rc5 64. Rd4 Rd5 65. Kd3 Rxd4+ 66. Kxd4 1/2-1/2


[Site "https://www.chess.com"]

[Event "Titled Tuesday Blitz September 13 Early 2022"]
[White "Vogel, Roven"]
[Black "Al-Tarboush, Ward"]
[WhiteFideId "12908088"]
[BlackFideId "7601450"]
[WhiteElo "2501"]
[BlackElo "2234"]
[Result "1-0"]
[Round "11"]
[TimeControl "180+1"]
[Date "2022.09.13"]
[WhiteClock "0:00:19"]
[BlackClock "0:00:01"]

1. d4 d5 2. c4 c6 3. Nf3 Nf6 4. Nc3 dxc4 5. a4 Bf5 6. Ne5 Nbd7 7. Nxc4 Nb6 8. Ne5 a5 9. e3 g6 10. Bd3 Bxd3 11. Nxd3 Bg7 12. O-O O-O 13. b3 Nbd5 14. Nxd5 Qxd5 15. Ba3 Rfe8 16. Rc1 Nd7 17. Nf4 Qg5 18. d5 Ne5 19. dxc6 Nxc6 20. Qd5 Qf6 21. Qb5 Rab8 22. Nd5 Qe5 23. Rfd1 h5 24. Nb6 Qe6 25. Nd7 Rbd8 26. Qxb7 Nd4 27. exd4 Rxd7 28. Qb5 Red8 29. Re1 Qf6 30. Rc8 Qxd4 31. Rxd8+ Rxd8 32. g3 Qc3 33. Rc1 Qd2 34. Rf1 e6 35. Bc1 Qd5 36. Be3 Bc3 37. h4 Bb4 38. Rc1 Qxb3 39. Kh2 Qd5 40. Qb6 Qd6 41. Rc6 Qd1 42. Qb7 Qd5 43. Qb6 Re8 44. Rc7 Qf3 45. Qb5 Rd8 46. Rd7 Rxd7 47. Qxd7 Qd5 48. Qe8+ Kg7 49. Bh6+ Kf6 50. Qh8+ Ke7 51. Bg5+ Kd7 52. Qg8 Qf5 53. Qd8+ Kc6 54. Be3 Kb7 55. Qb6+ Kc8 56. Qc6+ Kd8 57. Bg5+ f6 58. Be3 Qd5 59. Qa6 Ke7 60. Qa7+ Kf8 61. Bh6+ Ke8 62. Qg7 Qf5 63. Be3 Kd8 64. Qf7 Kc8 65. Qe8+ Kb7 66. Qd7+ Kb8 67. Bb6 Bc5 68. Qc7+ 1-0


[Site "https://www.chess.com"]

[Event "Titled Tuesday Blitz September 13 Early 2022"]
[White "Zhigalko, Sergei"]
[Black "Bortnyk, Olexandr"]
[WhiteFideId "13502956"]
[BlackFideId "14120828"]
[WhiteElo "2662"]
[BlackElo "2723"]
[Result "0-1"]
[Round "11"]
[TimeControl "180+1"]
[Date "2022.09.13"]
[WhiteClock "0:00:01"]
[BlackClock "0:00:20"]

1. e4 d6 2. d4 Nf6 3. Nc3 e5 4. Nf3 Nbd7 5. Bc4 Be7 6. O-O c6 7. a4 h6 8. Re1 Qc7 9. Be3 Ng4 10. Bc1 Ngf6 11. b3 Nf8 12. Bb2 Ng6 13. h3 O-O 14. Qd2 Kh7 15. Rad1 a6 16. Bd3 Nh5 17. Ne2 Bf6 18. Ng3 Nhf4 19. Bf1 b5 20. dxe5 dxe5 21. Qd6 Ra7 22. Qxc7 Rxc7 23. Nf5 Ne6 24. g3 Bd7 25. h4 h5 26. Ba3 Ra8 27. Bd6 Rb7 28. a5 c5 29. Rd2 Nd4 30. N5xd4 cxd4 31. b4 Rc8 32. Bc5 Bg4 33. Be2 Kh6 34. Rd3 Bxf3 35. Bxf3 Be7 36. c3 Bxc5 37. bxc5 Rd7 38. Red1 Rxc5 39. cxd4 exd4 40. Rxd4 Rxd4 41. Rxd4 Ne5 42. Kg2 Nc4 43. Rd8 g6 44. Ra8 b4 45. Rxa6 b3 46. e5 b2 47. Be4 Rxe5 48. Bb1 Rxa5 49. Rc6 Nd2 50. Bc2 Ra1 51. Rd6 Rc1 0-1